 Dungeon Crawl Stone Soup version 0.18-a0-960-g77c8fc5 (webtiles) character file.

336 JokEr the Skirmisher (level 6, -1/57 HPs)
             Began as a Minotaur Fighter on Dec 31, 2015.
             Killed by divine providence
             ... invoked by an orc priest
              (9 damage)
             ... on level 4 of the Dungeon.
             The game lasted 00:06:22 (2647 turns).

JokEr the Skirmisher (Minotaur Fighter)             Turns: 2647, Time: 00:06:23

Health: -1/57      AC: 11    Str: 23    XL:     6   Next: 28%
Magic:  5/5        EV:  4    Int:  5    God:
Gold:   236        SH:  9    Dex:  9    Spells: 0 memorised, 5 levels left

rFire  . . .     SeeInvis .     a - +1 long sword
rCold  . . .     Gourm    .     p - +0 plate armour
rNeg   . . .     Faith    .     c - +0 shield
rPois  .         Spirit   .     (helmet restricted)
rElec  .         Dismiss  .     (no cloak)
rCorr  .         Reflect  .     (no gloves)
SustAt .         Harm     .     (no boots)
MR     .....                    (no amulet)
Stlth  ..........               (no ring)
                                (no ring)

@: lethally poisoned (-1 -> -11), not resistant to hostile enchantments,
extremely unstealthy
A: retaliatory headbutt, horns 2
a: no special abilities


You were on level 4 of the Dungeon.
You were not hungry.

You visited 1 branch of the dungeon, and saw 4 of its levels.

You collected 236 gold pieces.

Inventory:

Hand Weapons
 a - a +1 long sword (weapon)
Armour
 c - a +0 shield (worn)
 p - a +0 plate armour (worn)
Scrolls
 e - a scroll of teleportation
 i - a scroll of remove curse
 r - a scroll of immolation {unknown}
 u - a scroll of identify
Potions
 b - a potion of agility
 d - 2 potions of might
 j - a potion of haste
 l - a potion of lignification
 m - a potion of resistance
 n - a potion of magic
 o - a potion of curing
 q - 2 potions of heal wounds {unknown}
 s - a potion of brilliance {unknown}
Comestibles
 f - 4 bread rations
 g - a slice of pizza
 h - 5 meat rations
 k - a beef jerky


   Skills:
 + Level 6.3 Fighting
 + Level 6.2 Long Blades
 - Level 3.6 Armour
 - Level 3.6 Shields


You had 5 spell levels left.
You didn't know any spells.

Dungeon Overview and Level Annotations

Branches:
Dungeon (4/15)             Temple (0/1) D:4

Altars:
Ashenzari
Makhleb
Nemelex Xobeh
Qazlal
Ru
Sif Muna
The Shining One


Innate Abilities, Weirdness & Mutations

You reflexively headbutt those who attack you in melee.
You have a pair of horns on your head.


Message History

You feel sick. The orc wizard barely misses you. The orc hits you.
You slash the orc wizard!
You kill the orc wizard!
You feel sick.
The orc priest mumbles some strange prayers to Beogh against you.
Something smites you!
* * * LOW HITPOINT WARNING * * *
The orc hits you.
* * * LOW HITPOINT WARNING * * *
You slash the orc!
You kill the orc!
* * * LOW HITPOINT WARNING * * *
You feel sick.
You closely miss the orc priest. You headbutt the orc priest!
The orc priest is heavily wounded.
* * * LOW HITPOINT WARNING * * *
You feel sick. You block the orc priest's attack.
The orc priest mumbles some strange prayers to Beogh against you.
Something smites you!
You die...

# #.##......#
#.. #
#.##......#
#.. #
#.##......#
#.. #
#.##......#
#.. #
#.##......#
#.. ##
#..').....#
#.. .#
######......#
#.. .#
#.)....[....#
### .#
#@########+##
.# #o# .# #.#
.# #.# .#
...o....# .#
..>..⌠..# .#
.....o..# .#
#...###.# .#
#.⌠. #.#


You could see an orc priest.

Vanquished Creatures
  A scorpion (D:4)
  A crimson imp (D:4)
  A hound (D:2)
  An orc wizard (D:4)
  Terence (D:2)
  A worker ant (D:4)
  4 adders
  An ooze (D:3)
  2 worms
  3 giant geckos
  11 orcs
  2 giant cockroaches (D:3)
  7 goblins
  7 hobgoblins
  6 jackals (D:1)
  3 quokkas
  12 bats
  2 giant gecko skeletons (D:4)
  4 giant newts
  6 kobolds
  9 rats
85 creatures vanquished.

Notes
Turn   | Place    | Note
--------------------------------------------------------------
     0 | D:1      | JokEr the Minotaur Fighter began the quest for the Orb.
     0 | D:1      | Reached XP level 1. HP: 19/19 MP: 0/0
    74 | D:1      | Reached XP level 2. HP: 24/27 MP: 1/1
   199 | D:1      | Reached skill level 4 in Fighting
   569 | D:1      | Reached XP level 3. HP: 33/33 MP: 2/2
  1003 | D:2      | Found a burning altar of Makhleb.
  1008 | D:2      | Reached XP level 4. HP: 33/41 MP: 3/3
  1192 | D:2      | Noticed Terence
  1202 | D:2      | Killed Terence
  1202 | D:2      | Reached skill level 5 in Fighting
  1410 | D:3      | Reached skill level 5 in Long Blades
  1484 | D:3      | Reached XP level 5. HP: 48/48 MP: 4/4
  1487 | D:3      | Found a glowing golden altar of the Shining One.
  1690 | D:3      | Found a sparkling altar of Nemelex Xobeh.
  1692 | D:3      | Found a sacrificial altar of Ru.
  2043 | D:3      | Found a deep blue altar of Sif Muna.
  2046 | D:3      | Found a shattered altar of Ashenzari.
  2048 | D:3      | Found a stormy altar of Qazlal.
  2416 | D:4      | Reached skill level 6 in Fighting
  2416 | D:4      | Reached XP level 6. HP: 55/57 MP: 5/5
  2636 | D:4      | Found a staircase to the Ecumenical Temple.
  2647 | D:4      | Killed from afar by an orc priest

Vault maps used:
D:1:      dpeg_arrival_brainrot
D:2:      makhleb_blood_cavern_becter, minmay_distorted, uniq_terence
D:3:      nicolae_overflow_hidden_temple, nicolae_tso_carved_into_rock
D:4:      minmay_temple_entry_junction, first_bread

Action                   |  1- 3 |  4- 6 || total
-------------------------+-------+-------++-------
Melee: Long sword        |    78 |   138 ||   216
  Use: Scroll            |     5 |    10 ||    15
  Eat: Chunk             |       |     6 ||     6
